Map: Kosmischer Saphir

Players

METHUSELAH - Winner!

  • Race: Terran Terran
  • League: Silver
  • Spawn Location: 5:00

Paragrimm

  • Race: Zerg Zerg
  • League: Bronze
  • Spawn Location: 11:00

VOD

Have the link to the VOD?

Description

I'm to stupid :3

Time

  • Played on: Nov. 7, 2022, 5:50 p.m.
  • Length: 23:22
Show
View Real Time Build Order
Export as new Build Order

METHUSELAH Terran - Winner!

Build Orders:  

Get SALT Encoding   

  12  0:01  SCV  
  13  0:16  Supply Depot  
  13  0:19  SCV  
  14  0:31  SCV  
  15  0:40  Barracks  
  15  0:50  Refinery  
  15  0:51  Supply Depot  
  15  0:57  Refinery  
  15  1:33  Barracks Reactor  
  15  1:50  Command Center  
  15  2:12  Factory  
  15  2:15  Marine  
  16  2:32  Engineering Bay  
  16  2:50  Orbital Command  
  16  3:06  Missile Turret  
  17  3:12  SCV  
  17  3:24  SCV  
  18  3:29  Hellion  
  18  3:30  Hellion  
  22  3:37  SCV  
  23  3:50  Planetary Fortress  
  23  4:08  Refinery  
  23  4:09  Refinery  
  23  4:20  Starport  
  23  4:22  Starport  
  23  4:26  SCV  
  24  4:37  Missile Turret  
  24  4:38  SCV  
  20  4:41  Hellion  
  20  4:44  Marine  
  23  4:50  SCV  
  24  5:02  SCV  
  25  5:11  Hellion  
  25  5:12  Hellion  
  29  5:14  SCV  
  29  5:19  Starport Reactor x2  
  30  5:33  Hellion x2  
  34  5:36  Missile Turret  
  34  5:51  Missile Turret  
  34  5:54  Hellion x2  
  38  6:02  Liberator x2  
  35  6:31  Hellion x2  
  26  6:43  Supply Depot  
  26  6:52  Hellion x2  
  30  7:04  Liberator  
  33  7:13  Hellion  
  33  7:14  Hellion  
  29  7:41  Liberator  
  30  7:57  Supply Depot  
  30  7:58  Supply Depot  
  30  7:59  Supply Depot  
  30  8:19  Hellion  
  32  8:20  SCV  
  33  8:32  SCV  
  34  8:43  Widow Mine x2  
  34  8:44  SCV  
  34  8:45  Supply Depot  
  39  8:55  Engineering Bay  
  39  8:56  SCV x2  
  41  9:04  Widow Mine  
  41  9:05  Widow Mine  
  41  9:08  SCV x2  
  42  9:20  SCV x2  
  44  9:26  Widow Mine  
  41  9:32  SCV  
  41  9:34  Hellion  
  41  9:37  Starport Reactor  
  44  9:43  Refinery, SCV  
  44  9:44  SCV  
  46  9:55  Armory, SCV  
  47  10:02  Command Center  
  47  10:07  SCV  
  47  10:12  Missile Turret  
  47  10:13  Widow Mine x2  
  52  10:16  Missile Turret  
  52  10:19  SCV  
  53  10:24  Supply Depot x2  
  53  10:31  Supply Depot, SCV  
  53  10:32  Hi-Sec Auto Tracking  
  54  10:40  Supply Depot  
  54  10:43  Supply Depot  
  54  10:45  SCV  
  54  10:46  Widow Mine x2  
  59  10:57  SCV  
  60  11:05  Liberator  
  60  11:07  Widow Mine x2  
  60  11:09  SCV  
  65  11:36  Planetary Fortress  
  65  11:41  Terran Vehicle Weapons Level 1  
  65  11:44  SCV  
  66  11:53  Liberator  
  69  11:56  SCV  
  70  12:08  SCV  
  71  12:13  Marine  
  71  12:14  Marine  
  73  12:20  SCV  
  74  12:31  Marine x2  
  76  12:49  Marine x2  
  78  13:03  Starport Tech Lab  
  78  13:07  Marine x2  
  78  13:09  Fusion Core  
  80  13:14  Fusion Core  
  79  14:01  Command Center  
  71  14:21  Supply Depot  
  71  14:24  Supply Depot  
  71  14:25  Supply Depot  
  71  14:27  Supply Depot  
  71  14:31  Advanced Ballistics  
  68  14:43  Battlecruiser  
  70  14:57  Terran Ship Weapons Level 1  
  70  15:15  Unknown  
  70  15:16  Planetary Fortress  
  67  15:43  Starport Tech Lab  
  67  15:47  Battlecruiser  
  73  15:59  SCV  
  75  16:11  SCV  
  75  16:23  SCV  
  76  16:31  Missile Turret  
  76  16:32  Missile Turret  
  76  16:35  SCV  
  77  16:47  SCV  
  77  16:51  Battlecruiser  
  77  16:52  Terran Vehicle And Ship Armor Level 1  
  83  16:59  SCV  
  84  17:10  Battlecruiser  
  84  17:11  SCV  
  91  17:18  Unknown  
  91  17:56  Battlecruiser  
  97  18:14  Battlecruiser  
  76  19:06  Battlecruiser  
  76  19:37  Terran Vehicle And Ship Armor Level 2  
  76  19:47  SCV  
  78  20:00  Starport, SCV  
  78  20:03  Starport  
  78  20:12  SCV  
  78  20:13  Supply Depot  
  79  20:24  SCV  
  80  20:36  SCV  
  81  20:48  SCV  
  77  21:00  SCV  
  76  21:38  Unknown  
  76  21:42  Liberator x5  
  76  21:43  Liberator  
  94  21:47  Hellion  
  94  21:48  Hellion  
  98  22:09  Hellion x2  
  102  22:24  Liberator  
  105  22:30  Hellion x2  
  109  22:52  Hellion x2  
Show
View Real Time Build Order
Export as new Build Order

Paragrimm Zerg 

Build Orders: Hatch First 

Get SALT Encoding   

  12  0:00  Drone  
  13  0:13  Drone  
  14  0:16  Overlord  
  14  0:35  Drone  
  15  0:41  Drone  
  16  0:56  Drone, Extractor  
  16  0:57  Hatchery  
  16  0:58  Drone  
  16  1:01  Drone  
  17  1:20  Spawning Pool  
  17  1:25  Drone x2  
  18  1:30  Drone  
  19  1:40  Drone  
  20  2:07  Queen  
  22  2:11  Zergling x4  
  24  2:19  Drone  
  25  2:28  Overlord  
  25  2:29  Zergling x2  
  27  2:30  Zergling x2  
  27  2:46  Queen  
  27  2:49  Drone  
  27  2:50  Drone  
  31  2:55  Drone, Zergling x4  
  34  3:04  Overlord  
  34  3:32  Lair  
  34  3:37  Roach Warren  
  33  3:48  Drone x2, Extractor  
  33  3:49  Drone, Spore Crawler  
  33  3:53  Zergling x2  
  33  3:54  Zergling x2  
  36  4:09  Overlord  
  36  4:10  Drone, Zergling x4  
  36  4:11  Drone  
  40  4:26  Hatchery  
  40  4:29  Glial Reconstitution  
  39  4:35  Roach x7  
  51  4:39  Overlord  
  51  4:40  Zergling x2  
  52  4:58  Roach x4  
  52  4:59  Overlord  
  58  5:17  Overlord  
  58  5:18  Overlord  
  58  5:19  Overlord  
  58  5:20  Zergling x2  
  59  5:32  Drone x2, Extractor  
  60  5:38  Metabolic Boost  
  60  5:45  Drone, Queen  
  56  6:11  Roach  
  56  6:12  Roach x8  
  56  6:13  Roach  
  76  6:33  Overlord  
  76  6:34  Roach x4  
  76  6:35  Zergling x2  
  76  6:37  Drone  
  86  6:48  Drone x2  
  61  8:03  Roach x5, Overlord x2  
  61  8:04  Roach x3  
  61  8:05  Roach x7  
  90  8:06  Roach x6  
  90  8:07  Drone x2  
  92  8:27  Roach x5  
  92  8:33  Hydralisk Den  
  97  8:34  Drone x3  
  97  8:38  Overlord  
  62  9:39  Ravager x4  
  62  9:40  Ravager x2  
  62  9:41  Hydralisk x2, Roach x2  
  62  9:45  Drone x4  
  79  9:46  Drone x2  
  82  9:57  Extractor  
  81  10:20  Hydralisk  
  81  10:21  Hydralisk x6  
  83  10:23  Overlord  
  83  10:24  Zergling x12  
  83  10:25  Zergling x16  
  83  10:26  Zergling x10  
  114  10:35  Hydralisk  
  114  10:36  Hydralisk  
  114  10:38  Roach  
  114  10:40  Overlord  
  120  10:59  Drone x3, Hydralisk  
  120  11:00  Hydralisk x3  
  80  11:37  Hydralisk x8  
  92  11:40  Zergling x2  
  92  11:41  Zergling x14  
  100  12:01  Grooved Spines  
  92  12:30  Zergling x4  
  92  12:31  Zergling x8  
  98  12:41  Drone  
  98  12:43  Extractor  
  98  12:46  Extractor  
  97  12:58  Hydralisk  
  97  12:59  Hydralisk x3, Overlord  
  97  13:00  Roach  
  97  13:01  Roach x7  
  120  13:07  Zergling x2  
  120  13:08  Zergling x16  
  129  13:15  Roach x3  
  129  13:17  Roach x3  
  126  14:06  Hydralisk x2  
  126  14:07  Roach x2, Zergling x4  
  126  14:08  Roach x7  
  126  14:09  Roach  
  152  14:12  Overlord x3  
  152  14:13  Overlord x2  
  152  14:38  Hatchery  
  151  14:55  Overlord  
  151  14:56  Roach x4  
  151  14:57  Hydralisk x4, Roach  
  151  14:58  Roach x3  
  175  15:08  Lurker Den  
  174  15:33  Drone x6  
  180  15:52  Hatchery  
  179  16:22  Hydralisk x5  
  179  16:23  Hydralisk x7  
  179  16:24  Hydralisk  
  135  17:14  Drone  
  136  17:18  Hydralisk x6  
  136  17:19  Hydralisk x7  
  136  17:20  Hydralisk x4  
  170  17:25  Spore Crawler  
  162  17:33  Spore Crawler  
  162  17:34  Spore Crawler  
  162  17:36  Spore Crawler  
  155  17:38  Spore Crawler  
  155  17:40  Spore Crawler  
  155  17:42  Spore Crawler  
  152  17:45  Spore Crawler  
  135  18:28  Tunneling Claws  
  135  18:32  Muscular Augments  
  63  18:55  Hydralisk x3  
  45  18:56  Hydralisk x8  
  45  18:57  Hydralisk  
  65  19:13  Drone x3  
  64  19:26  Spawning Pool  
  57  19:51  Roach  
  57  19:52  Roach x6  
  71  19:53  Roach  
  73  20:05  Drone  
  73  20:06  Drone x4  
  78  20:17  Drone x3  
  81  20:23  Hydralisk  
  81  20:26  Hydralisk  
  85  20:42  Lurker  
  73  21:12  Lurker x3  
  73  21:13  Lurker  
  73  21:14  Hydralisk x2  
  73  21:15  Hydralisk x8  
  82  21:37  Drone x3  
  85  21:57  Zergling x8  
  85  21:58  Zergling x16  
  85  21:59  Zergling x14  
  85  22:00  Zergling x8  
  85  22:01  Zergling x2  
  109  22:11  Infestation Pit  
  108  22:21  Hydralisk x4  
  108  22:22  Hydralisk  
  119  22:30  Ravager x3, Lurker  
  119  22:31  Lurker x2  
  119  22:32  Lurker  
Tags
 
Add a new tag
Caveats
  • Supply blocks, unpowered buildings, or Contaminate may cause inaccurate times.
  • Supply counts are checked every 10 seconds.